A- EAST
CAROLINA MUDCATS @ DOWN EAST WOOD DUCKS
07/07/2041
 
TOP OF THE 1ST
Carolina Mudcats batting - Pitching for Down East Wood Ducks : LHP Jim Unknown
Pitching: LHP Jim Unknown
Batting: RHB Gus Barton 0-0: Called Strike
0-1: Called Strike
0-2: Foul Ball, location: 5SF
0-2: Ball
1-2: Strikes out swinging
Batting: RHB Robby King 0-0: Foul Ball, location: 5FF
0-1: Ball
1-1: Foul Ball, location: 9LSF
1-2: Strikes out swinging
Batting: LHB Pat Maloney 0-0: Ball
1-0: Ball
2-0: Called Strike
2-1: Foul Ball, location: 2F
2-2: Strikes out swinging
Top of the 1st over - 0 runs, 0 hits, 0 errors, 0 left on base; Carolina 0 - Down East 0
BOTTOM OF THE 1ST
Down East Wood Ducks batting - Pitching for Carolina Mudcats : RHP José Méndez
Pitching: RHP José Méndez
Batting: LHB Héctor Pérez 0-0: Ball
1-0: Ball
2-0: Ball
3-0: Base on Balls
Batting: RHB Jeff Maxwell 0-0: Ball
1-0: Ball
2-0: Foul Ball, location: 2F
2-1: Ball
3-1: Base on Balls
Héctor Pérez to second
Batting: LHB Dan Weaver 0-0: Fly out, F3 (Popup, 3SF, EV 78.8 MPH)
Batting: RHB Alex Nicholson 0-0: Called Strike
0-1: Swinging Strike
0-2: Foul Ball, location: 2F
0-2: Fly out, F7 (Flyball, 7, EV 88.8 MPH)
Batting: RHB Bob Barlow 0-0: Called Strike
0-1: Swinging Strike
0-2: Foul Ball, location: 3FF
0-2: Ball
1-2: Ball
2-2: Ball
3-2: Strikes out looking
Bottom of the 1st over - 0 runs, 0 hits, 0 errors, 2 left on base; Carolina 0 - Down East 0
TOP OF THE 2ND
Carolina Mudcats batting - Pitching for Down East Wood Ducks : LHP Jim Unknown
Batting: RHB Al Gross 0-0: Foul Ball, location: 2F
0-1: Ball
1-1: Ball
2-1: Ball
3-1: Swinging Strike
3-2: Base on Balls
Batting: RHB Jesús Longoria 0-0: Foul Ball, location: 3SF
0-1: Called Strike
0-2: Strikes out swinging
Batting: RHB Buddy Jeffries 0-0: Called Strike
Al Gross is caught stealing 2nd base 2-4
0-1: Swinging Strike
0-2: SINGLE (Groundball, 56D, EV 100.0 MPH)
Batting: RHB Jon Thomas 0-0: Foul Ball, location: 9LDF
0-1: Ground out 6-3 (Groundball, 56D, EV 106.3 MPH)
Top of the 2nd over - 0 runs, 1 hit, 0 errors, 1 left on base; Carolina 0 - Down East 0
BOTTOM OF THE 2ND
Down East Wood Ducks batting - Pitching for Carolina Mudcats : RHP José Méndez
Batting: RHB Chris Sherman 0-0: Called Strike
0-1: Foul Ball, location: 5SF
0-2: Foul Ball, location: 2F
0-2: Ball
1-2: Ball
2-2: SOLO HOME RUN (Flyball, 7D, EV 106.3 MPH), Distance : 404 ft
Batting: RHB Ánibal Ortega 0-0: Foul Ball, location: 3F
0-1: Foul Ball, location: 9LSF
0-2: Fly out, F8 (Flyball, 8RM, EV 90.0 MPH)
Batting: RHB Pepe Colón 0-0: Ball
1-0: Foul Ball, location: 9LDF
1-1: Foul Ball, location: 2F
1-2: Foul Ball, location: 5FF
1-2: Fly out, F8 (Flyball, 8LD, EV 90.6 MPH)
Batting: RHB Jim Unknown 0-0: Called Strike
0-1: Called Strike
0-2: Foul Ball, location: 2F
0-2: Strikes out looking
Bottom of the 2nd over - 1 run, 1 hit, 0 errors, 0 left on base; Carolina 0 - Down East 1
TOP OF THE 3RD
Carolina Mudcats batting - Pitching for Down East Wood Ducks : LHP Jim Unknown
Batting: LHB Ed Freitas 0-0: Ball
1-0: Ball
2-0: Foul Ball, location: 7LSF
2-1: Ball
3-1: Swinging Strike
3-2: Foul Ball, location: 5FF
3-2: Foul Ball, location: 2F
3-2: Foul Ball, location: 5DF
3-2: Fly out, F8 (Flyball, 8LXD, EV 105.0 MPH)
Batting: RHB Luis Solís 0-0: Fly out, F8 (Flyball, 89M, EV 96.9 MPH)
Batting: RHB Gus Barton 0-0: Ball
1-0: SINGLE (Line Drive, 56D, EV 68.1 MPH)
Batting: RHB Robby King 0-0: Ball
1-0: Ball
2-0: Ball
3-0: Called Strike
3-1: Foul Ball, location: 2F
3-2: Foul Ball, location: 9LMF
3-2: Strikes out swinging
Top of the 3rd over - 0 runs, 1 hit, 0 errors, 1 left on base; Carolina 0 - Down East 1
BOTTOM OF THE 3RD
Down East Wood Ducks batting - Pitching for Carolina Mudcats : RHP José Méndez
Batting: LHB Héctor Pérez 0-0: Foul Ball, location: 2RF
0-1: Swinging Strike
0-2: Foul Ball, location: 7LSF
0-2: Ball
1-2: Ball
2-2: Ground out 4-3 (Groundball, 4, EV 83.8 MPH)
Batting: RHB Jeff Maxwell 0-0: Ball
1-0: Called Strike
1-1: Swinging Strike
1-2: SINGLE (Groundball, 6S, EV 76.9 MPH) (infield hit)
Batting: LHB Dan Weaver 0-0: Called Strike
0-1: Ball
Jeff Maxwell is caught stealing 2nd base 2-6
1-1: Ball
2-1: Foul Ball, location: 3F
2-2: Ball
3-2: Base on Balls
Batting: RHB Alex Nicholson 0-0: Ball
1-0: Ball
2-0: Foul Ball, location: 25F
2-1: Fly out, F7 (Flyball, 7D, EV 107.5 MPH)
Bottom of the 3rd over - 0 runs, 1 hit, 0 errors, 1 left on base; Carolina 0 - Down East 1
TOP OF THE 4TH
Carolina Mudcats batting - Pitching for Down East Wood Ducks : LHP Jim Unknown
Batting: LHB Pat Maloney 0-0: SINGLE (Line Drive, 56D, EV 104.4 MPH)
Batting: RHB Al Gross 0-0: Ball
1-0: Ball
2-0: Grounds into double play, 4-6-3 (Groundball, 4, EV 98.8 MPH)
Batting: RHB Jesús Longoria 0-0: Foul Ball, location: 3F
0-1: Ball
1-1: Ball
2-1: Foul Ball, location: 2F
2-2: DOUBLE (Flyball, 78XD, EV 101.9 MPH)
Batting: RHB Buddy Jeffries 0-0: Ball
1-0: SINGLE (Line Drive, 7S, EV 95.0 MPH)
Jesús Longoria to third
Runner from 3rd tries for Home, throw by LF and OUT! 7-2
Top of the 4th over - 0 runs, 3 hits, 0 errors, 1 left on base; Carolina 0 - Down East 1
BOTTOM OF THE 4TH
Down East Wood Ducks batting - Pitching for Carolina Mudcats : RHP José Méndez
Batting: RHB Bob Barlow 0-0: Foul Ball, location: 23F
0-1: SINGLE (Line Drive, 4D, EV 103.1 MPH)
Batting: RHB Chris Sherman 0-0: Called Strike
0-1: Swinging Strike
0-2: SINGLE (Groundball, 4MD, EV 102.5 MPH)
Bob Barlow to second
Bob Barlow to third
Batting: RHB Ánibal Ortega 0-0: Ball
Chris Sherman is caught stealing 2nd base 2-4
1-0: Ball
2-0: Called Strike
2-1: Swinging Strike
2-2: Ball
3-2: Base on Balls
Batting: RHB Pepe Colón 0-0: Ball
1-0: Swinging Strike
1-1: Ball
2-1: Ball
3-1: Foul Ball, location: 23FF
3-2: Foul Ball, location: 9LSF
3-2: Grounds into double play, 6-4-3 (Groundball, 6M, EV 96.3 MPH)
Bottom of the 4th over - 0 runs, 2 hits, 0 errors, 1 left on base; Carolina 0 - Down East 1
TOP OF THE 5TH
Carolina Mudcats batting - Pitching for Down East Wood Ducks : LHP Jim Unknown
Batting: RHB Jon Thomas 0-0: Swinging Strike
0-1: Ball
1-1: Foul Ball, location: 9LDF
1-2: Strikes out swinging
Batting: LHB Ed Freitas 0-0: Ball
1-0: Called Strike
1-1: SINGLE (Groundball, 34D, EV 95.0 MPH) (infield hit)
Batting: RHB Luis Solís 0-0: SINGLE (Groundball, 6MD, EV 106.3 MPH)
Ed Freitas to second
Batting: RHB Gus Barton 0-0: Foul Ball, location: 2F
0-1: Ball
1-1: Foul Ball, location: 9LDF
1-2: Ball
2-2: Foul Ball, location: 5FF
2-2: Ball
3-2: Fly out, F4 (Line Drive, 4, EV 73.1 MPH)
Batting: RHB Robby King 0-0: 3-RUN HOME RUN (Flyball, 7LD, EV 99.4 MPH), Distance : 382 ft
Batting: LHB Pat Maloney 0-0: Ball
1-0: Ball
2-0: Called Strike
2-1: Ball
3-1: Base on Balls
Batting: RHB Al Gross 0-0: Ball
1-0: Ground out 5-3 (Groundball, 56S, EV 95.0 MPH)
Top of the 5th over - 3 runs, 3 hits, 0 errors, 1 left on base; Carolina 3 - Down East 1
BOTTOM OF THE 5TH
Down East Wood Ducks batting - Pitching for Carolina Mudcats : RHP José Méndez
Batting: RHB Jim Unknown 0-0: Called Strike
0-1: Swinging Strike
0-2: Ball
1-2: Strikes out swinging
Batting: LHB Héctor Pérez 0-0: Ball
1-0: Ball
2-0: Ball
3-0: Called Strike
3-1: Base on Balls
Pitching: RHP Assunção Fariseu
Batting: RHB Jeff Maxwell 0-0: Foul Ball, location: 2F
0-1: Ball
1-1: Called Strike
1-2: Strikes out swinging
Batting: LHB Dan Weaver 0-0: Ball
1-0: Ball
2-0: Ball
3-0: Base on Balls
Héctor Pérez to second
Batting: RHB Alex Nicholson 0-0: Fielders Choice at 2nd, 6-4 (Groundball, 6, EV 102.5 MPH)
Bottom of the 5th over - 0 runs, 0 hits, 0 errors, 2 left on base; Carolina 3 - Down East 1
TOP OF THE 6TH
Carolina Mudcats batting - Pitching for Down East Wood Ducks : LHP Jim Unknown
Batting: RHB Jesús Longoria 0-0: Ball
1-0: Fly out, F9 (Flyball, 9, EV 88.8 MPH)
Batting: RHB Buddy Jeffries 0-0: Foul Ball, location: 7LSF
0-1: Ball
1-1: Ball
2-1: Swinging Strike
2-2: SINGLE (Flyball, 6D, EV 87.5 MPH)
Batting: RHB Jon Thomas 0-0: SINGLE (Groundball, 6MD, EV 98.1 MPH)
Buddy Jeffries to second
Batting: LHB Ed Freitas 0-0: Ball
1-0: Swinging Strike
1-1: Ball
2-1: Ball
3-1: Fly out, F7 (Line Drive, 7LM, EV 86.9 MPH)
Batting: RHB Luis Solís 0-0: Called Strike
0-1: Foul Ball, location: 9LSF
0-2: Ball
1-2: Foul Ball, location: 5FF
1-2: Ball
2-2: Foul Ball, location: 9LSF
2-2: Strikes out swinging
Top of the 6th over - 0 runs, 2 hits, 0 errors, 2 left on base; Carolina 3 - Down East 1
BOTTOM OF THE 6TH
Down East Wood Ducks batting - Pitching for Carolina Mudcats : RHP Assunção Fariseu
Batting: RHB Bob Barlow 0-0: Ball
1-0: Ball
2-0: Ball
3-0: Called Strike
3-1: Called Strike
3-2: Ground out 5-3 (Groundball, 56, EV 88.1 MPH)
Batting: RHB Chris Sherman 0-0: Swinging Strike
0-1: Ball
1-1: Called Strike
1-2: Strikes out swinging
Batting: RHB Ánibal Ortega 0-0: Ball
1-0: Ball
2-0: Ball
3-0: Called Strike
3-1: Foul Ball, location: 5F
3-2: Base on Balls
Pinch Hitting: LHB Jim Unknown 0-0: 2-RUN HOME RUN (Flyball, 7D, EV 97.5 MPH), Distance : 396 ft
Batting: RHB Jim Unknown 0-0: Fly out, F8 (Line Drive, 8RM, EV 95.6 MPH)
Bottom of the 6th over - 2 runs, 1 hit, 0 errors, 0 left on base; Carolina 3 - Down East 3
TOP OF THE 7TH
Carolina Mudcats batting - Pitching for Down East Wood Ducks : LHP Jim Unknown
Pitching: RHP Jim Unknown
Now at 3B: Jeff Maxwell
Now in RF: Jim Unknown
Batting: RHB Gus Barton 0-0: Ball
1-0: Called Strike
1-1: SINGLE (Groundball, 5S, EV 63.8 MPH) (infield hit)
Batting: RHB Robby King 0-0: Ball
1-0: Sac Bunt to 3S - play at second, runner OUT! 3-6
Batting: LHB Pat Maloney 0-0: Ball
1-0: Swinging Strike
1-1: Ball
2-1: Foul Ball, location: 2F
2-2: Ball
3-2: Base on Balls
Robby King to second
Batting: RHB Al Gross 0-0: Ball
1-0: Foul Ball, location: 9LSF
1-1: DOUBLE (Flyball, 8RXD, EV 92.5 MPH)
Robby King scores
Pat Maloney to third
Runner from 3rd tries for Home, SAFE, throw by CF to trailing runner, SAFE at third!
Batting: RHB Jesús Longoria 0-0: Ball
1-0: Ball
2-0: Fly out, F7 (Line Drive, 7, EV 97.5 MPH)
Runner from 3rd tags up, SCORES, throw by LF
Batting: RHB Buddy Jeffries 0-0: Called Strike
0-1: Foul Ball, location: 23F
0-2: Ball
1-2: Ball
2-2: Fly out, F9 (Flyball, 9, EV 93.8 MPH)
Top of the 7th over - 3 runs, 2 hits, 0 errors, 0 left on base; Carolina 6 - Down East 3
BOTTOM OF THE 7TH
Down East Wood Ducks batting - Pitching for Carolina Mudcats : RHP Assunção Fariseu
Batting: LHB Héctor Pérez 0-0: Ball
1-0: Foul Ball, location: 5F
1-1: Ball
2-1: Foul Ball, location: 5FF
2-2: Ground out 3-1 (Groundball, 34S, EV 83.1 MPH)
Batting: RHB Jeff Maxwell 0-0: Called Strike
0-1: Ball
1-1: Single, Error in OF, E8, batter to second base (Line Drive, 4M, EV 101.9 MPH)
Batting: LHB Dan Weaver 0-0: Ball
1-0: Ball
2-0: Fly out, F7 (Flyball, 78M, EV 94.4 MPH)
Batting: RHB Alex Nicholson 0-0: Ball
1-0: Swinging Strike
1-1: Ball
2-1: Ball
3-1: Called Strike
3-2: Base on Balls
Batting: RHB Bob Barlow 0-0: Ground out 6-3 (Groundball, 6S, EV 86.9 MPH)
Bottom of the 7th over - 0 runs, 1 hit, 1 error, 2 left on base; Carolina 6 - Down East 3
TOP OF THE 8TH
Carolina Mudcats batting - Pitching for Down East Wood Ducks : RHP Jim Unknown
Pitching: LHP Jim Unknown
Batting: RHB Jon Thomas 0-0: Swinging Strike
0-1: Ball
1-1: Ball
2-1: SINGLE (Line Drive, 78S, EV 91.9 MPH)
Batting: LHB Ed Freitas 0-0: Ball
1-0: Foul Ball, location: 2F
1-1: Called Strike
1-2: Ball
2-2: Ball
3-2: Strikes out swinging
Batting: RHB Luis Solís 0-0: Ball
1-0: Foul Ball, location: 2F
1-1: Foul Ball, location: 9LMF
1-2: Ball
2-2: Strikes out swinging
Batting: RHB Gus Barton 0-0: Ball
1-0: Ball
2-0: Called Strike
2-1: DOUBLE (Flyball, 78XD, EV 105.6 MPH)
Jon Thomas to third
Runner from 3rd tries for Home, SAFE, throw by CF to trailing runner, OUT at third! 8-3-5
Top of the 8th over - 1 run, 2 hits, 0 errors, 0 left on base; Carolina 7 - Down East 3
BOTTOM OF THE 8TH
Down East Wood Ducks batting - Pitching for Carolina Mudcats : RHP Assunção Fariseu
Batting: RHB Chris Sherman 0-0: Ball
1-0: Ground out 4-3 (Groundball, 4S, EV 93.8 MPH)
Batting: RHB Ánibal Ortega 0-0: Called Strike
0-1: Reached on error, E4 (Groundball, 4M, EV 86.9 MPH)
Batting: LHB Jim Unknown 0-0: Ball
1-0: Swinging Strike
1-1: Ball
2-1: Foul Ball, location: 7LSF
2-2: Ball
3-2: Strikes out swinging
Batting: RHB Jim Unknown 0-0: Ball
1-0: Ground out 5-3 (Groundball, 56, EV 86.9 MPH)
Bottom of the 8th over - 0 runs, 0 hits, 1 error, 1 left on base; Carolina 7 - Down East 3
TOP OF THE 9TH
Carolina Mudcats batting - Pitching for Down East Wood Ducks : LHP Jim Unknown
Batting: RHB Robby King 0-0: Ball
1-0: Ball
2-0: Swinging Strike
2-1: Foul Ball, location: 5F
2-2: Fly out, F7 (Flyball, 78M, EV 91.3 MPH)
Batting: LHB Pat Maloney 0-0: Swinging Strike
0-1: Ball
1-1: Foul Ball, location: 25F
1-2: Strikes out looking
Batting: RHB Al Gross 0-0: Called Strike
0-1: Ball
1-1: Ball
2-1: Foul Ball, location: 2F
2-2: Strikes out looking
Top of the 9th over - 0 runs, 0 hits, 0 errors, 0 left on base; Carolina 7 - Down East 3
BOTTOM OF THE 9TH
Down East Wood Ducks batting - Pitching for Carolina Mudcats : RHP Assunção Fariseu
Batting: LHB Héctor Pérez 0-0: Called Strike
0-1: Swinging Strike
0-2: Ball
1-2: Ball
2-2: Ball
3-2: Foul Ball, location: 7LSF
3-2: Foul Ball, location: 7LMF
3-2: Base on Balls
Pitching: RHP Ty Courtney
Batting: RHB Jeff Maxwell 0-0: Ball
1-0: Ball
2-0: Ball
3-0: Called Strike
3-1: Base on Balls
Héctor Pérez to second
Pitching: LHP César Rodríguez
Batting: LHB Dan Weaver 0-0: Ball
1-0: Called Strike
1-1: Foul Ball, location: 2F
1-2: Foul Ball, location: 2F
1-2: Ball
2-2: Ball
3-2: Grounds into double play, 6-4-3 (Groundball, 6, EV 101.9 MPH)
Héctor Pérez to third
Batting: RHB Alex Nicholson 0-0: Ball
1-0: Ball
2-0: Ball
3-0: Called Strike
3-1: Foul Ball, location: 9LSF
3-2: Strikes out swinging
Bottom of the 9th over - 0 runs, 0 hits, 0 errors, 1 left on base; Carolina 7 - Down East 3
Monday, April 1st , 2024 - OOTP Baseball 24.10 Build 82